[ AOE2 MATCH · #506106225 ]
UnrankedJapanese vs Franks
Player's team · LOSS
Rival team · WIN
[ REPLAY ANALYSIS · EXTRACTED FROM THE RECORDED GAME ]
Feudal
9:13
Castle
23:34
Imperial
44:00
| APM avg | 56.5 |
| APM peak | 102 |
| eAPM avg | 26.2 |
| Villagers / military | 166 / 96 |
Focus
⚔️ 30.2% · 🌾 69.8%
Knight ×68 · Militia ×10 · Scorpion ×9 · Monk ×8 · Mangonel ×1
Feudal
8:31
Castle
22:57
Imperial
39:59
| APM avg | 62.9 |
| APM peak | 102 |
| eAPM avg | 31.0 |
| Villagers / military | 171 / 141 |
Focus
⚔️ 22.4% · 🌾 77.6%
Spearman ×51 · Scout Cavalry ×35 · Throwing Axeman ×21 · Knight ×12 · Archer ×8 · Monk ×5
Match map
Initial resources + every placement click. Lines = walls · curves = elevation contours. ◆ gold · ⬟ stone · ● berries · ✦ relic · ◌ wall gap
Your base· Open — unwalled flank
NU Apartment's base· Open — unwalled flank
Smoothed initial terrain · ◌ = detected wall gap · hover for details
Inputs per minute
— 新竹 - - NU Apartment
Build order — 新竹
First 150 of 418 actions detected
| 0:00 | Queue | Villager (Male) |
| 0:00 | Queue | Villager (Male) |
| 0:00 | Queue | Villager (Male) |
| 0:01 | Queue | Villager (Male) |
| 0:02 | Build | House |
| 0:03 | Build | House |
| 1:23 | Queue | Villager (Male) |
| 1:50 | Queue | Villager (Male) |
| 1:50 | Queue | Villager (Male) |
| 1:51 | Queue | Villager (Male) |
| 2:23 | Queue | Villager (Male) |
| 2:23 | Queue | Villager (Male) |
| 2:23 | Queue | Villager (Male) |
| 2:43 | Build | Lumber Camp |
| 2:51 | Queue | Villager (Male) |
| 2:51 | Queue | Villager (Male) |
| 2:51 | Queue | Villager (Male) |
| 2:59 | Build | House |
| 3:32 | Queue | Villager (Male) |
| 3:32 | Queue | Villager (Male) |
| 3:33 | Queue | Villager (Male) |
| 3:33 | Queue | Villager (Male) |
| 4:11 | Queue | Villager (Male) |
| 4:37 | Queue | Villager (Male) |
| 4:37 | Queue | Villager (Male) |
| 4:38 | Queue | Villager (Male) |
| 5:04 | Build | Mining Camp |
| 5:48 | Queue | Villager (Male) |
| 5:50 | Queue | Villager (Male) |
| 5:52 | Build | Palisade Wall |
| 5:54 | Build | Palisade Wall |
| 6:25 | Research | Loom |
| 6:25 | Research | Loom |
| 6:37 | Build | House |
| 7:02 | Research | Feudal Age |
| 7:03 | Research | Feudal Age |
| 7:22 | Build | Mill |
| 7:27 | Build | House |
| 7:28 | Build | Palisade Wall |
| 7:45 | Build | Barracks |
| 8:34 | Queue | Militia ×5 |
| 8:35 | Queue | Militia ×5 |
| 9:13 | Age | Feudal Age |
| 9:16 | Research | Man-at-Arms (upgrade) |
| 9:17 | Research | Man-at-Arms (upgrade) |
| 9:39 | Build | Watch Tower |
| 9:45 | Queue | Villager (Male) |
| 9:45 | Queue | Villager (Male) |
| 9:46 | Queue | Villager (Male) |
| 9:46 | Queue | Villager (Male) |
| 10:16 | Build | Watch Tower |
| 10:29 | Queue | Villager (Male) |
| 10:29 | Queue | Villager (Male) |
| 10:29 | Queue | Villager (Male) |
| 10:29 | Queue | Villager (Male) |
| 10:31 | Build | Mining Camp |
| 10:58 | Queue | Villager (Male) |
| 10:58 | Queue | Villager (Male) |
| 10:59 | Queue | Villager (Male) |
| 11:37 | Queue | Villager (Male) |
| 11:38 | Queue | Villager (Male) |
| 12:25 | Queue | Villager (Male) |
| 12:25 | Queue | Villager (Male) |
| 12:25 | Queue | Villager (Male) |
| 12:25 | Queue | Villager (Male) |
| 12:29 | Build | Farm |
| 12:29 | Build | Farm |
| 12:35 | Build | Watch Tower |
| 12:44 | Queue | Villager (Male) |
| 12:44 | Queue | Villager (Male) |
| 12:44 | Queue | Villager (Male) |
| 12:53 | Research | Double-Bit Axe |
| 12:53 | Research | Double-Bit Axe |
| 12:53 | Research | Double-Bit Axe |
| 12:53 | Research | Horse Collar |
| 12:54 | Research | Horse Collar |
| 13:00 | Queue | Villager (Male) |
| 13:00 | Queue | Villager (Male) |
| 13:00 | Queue | Villager (Male) |
| 13:00 | Queue | Villager (Male) |
| 13:09 | Build | House |
| 13:12 | Build | Mill |
| 13:49 | Queue | Villager (Male) |
| 13:50 | Queue | Villager (Male) |
| 14:05 | Queue | Villager (Male) |
| 14:06 | Queue | Villager (Male) |
| 14:14 | Build | Blacksmith |
| 14:16 | Build | House |
| 14:52 | Build | Watch Tower |
| 14:56 | Queue | Villager (Male) |
| 14:56 | Queue | Villager (Male) |
| 14:56 | Queue | Villager (Male) |
| 14:59 | Build | Farm |
| 15:06 | Research | Fletching |
| 15:06 | Research | Fletching |
| 15:15 | Build | Farm |
| 15:27 | Queue | Villager (Male) |
| 15:27 | Queue | Villager (Male) |
| 15:27 | Queue | Villager (Male) |
| 15:27 | Queue | Villager (Male) |
| 15:27 | Queue | Villager (Male) |
| 15:50 | Queue | Villager (Male) |
| 15:50 | Queue | Villager (Male) |
| 15:50 | Queue | Villager (Male) |
| 15:54 | Build | Farm |
| 15:56 | Build | Farm |
| 16:04 | Build | Watch Tower |
| 16:05 | Queue | Villager (Male) |
| 16:05 | Queue | Villager (Male) |
| 16:20 | Build | Watch Tower |
| 16:28 | Build | Mining Camp |
| 16:42 | Queue | Villager (Male) |
| 16:44 | Build | Farm |
| 16:46 | Queue | Villager (Male) |
| 17:05 | Build | Palisade Wall |
| 17:20 | Queue | Villager (Male) |
| 17:20 | Build | Farm |
| 17:40 | Build | Watch Tower |
| 17:46 | Build | Palisade Wall |
| 17:48 | Queue | Villager (Male) |
| 17:49 | Queue | Villager (Male) |
| 18:32 | Build | Palisade Wall |
| 18:57 | Queue | Villager (Male) |
| 18:58 | Queue | Villager (Male) |
| 19:00 | Queue | Villager (Male) |
| 19:19 | Build | Lumber Camp |
| 19:30 | Build | House |
| 19:38 | Research | Town Watch |
| 19:38 | Research | Town Watch |
| 19:50 | Build | Lumber Camp |
| 19:57 | Build | Market |
| 20:04 | Queue | Villager (Male) |
| 20:36 | Build | Stable |
| 20:38 | Queue | Villager (Male) |
| 20:43 | Build | House |
| 20:44 | Build | House |
| 20:54 | Research | Castle Age |
| 20:54 | Research | Castle Age |
| 21:04 | Build | Farm |
| 21:06 | Build | Farm |
| 21:24 | Research | Gold Mining |
| 21:24 | Research | Gold Mining |
| 21:25 | Research | Gold Mining |
| 21:34 | Build | House |
| 21:36 | Build | Stone Wall |
| 22:00 | Research | Bloodlines |
| 22:00 | Research | Bloodlines |
| 22:05 | Build | Farm |
| 22:10 | Build | Farm |
| 22:34 | Build | Farm |
Build order — NU Apartment
First 150 of 439 actions detected
| 0:01 | Queue | Villager (Male) |
| 0:01 | Queue | Villager (Male) |
| 0:01 | Queue | Villager (Male) |
| 0:02 | Build | House |
| 0:03 | Build | House |
| 0:13 | Queue | Villager (Male) |
| 0:13 | Queue | Villager (Male) |
| 1:24 | Queue | Villager (Male) |
| 1:49 | Build | Lumber Camp |
| 1:51 | Queue | Villager (Male) |
| 1:51 | Queue | Villager (Male) |
| 2:23 | Queue | Villager (Male) |
| 2:37 | Queue | Villager (Male) |
| 3:10 | Queue | Villager (Male) |
| 3:29 | Build | House |
| 3:41 | Queue | Villager (Male) |
| 3:41 | Queue | Villager (Male) |
| 4:30 | Queue | Villager (Male) |
| 4:34 | Build | Mill |
| 4:38 | Queue | Villager (Male) |
| 5:17 | Queue | Villager (Male) |
| 5:38 | Research | Loom |
| 6:21 | Research | Feudal Age |
| 7:31 | Build | Barracks |
| 7:43 | Build | House |
| 7:45 | Build | Palisade Wall |
| 7:52 | Queue | Villager (Male) |
| 8:04 | Build | Palisade Wall |
| 8:05 | Build | Palisade Wall |
| 8:09 | Queue | Villager (Male) |
| 8:27 | Queue | Villager (Male) |
| 8:31 | Age | Feudal Age |
| 8:36 | Build | Archery Range |
| 8:46 | Build | Palisade Wall |
| 8:46 | Build | Palisade Wall |
| 8:54 | Build | Palisade Wall |
| 8:56 | Queue | Villager (Male) |
| 9:06 | Build | House |
| 9:15 | Research | Double-Bit Axe |
| 9:27 | Queue | Villager (Male) |
| 9:30 | Queue | Archer |
| 9:34 | Queue | Spearman |
| 9:36 | Queue | Villager (Male) |
| 9:46 | Build | Watch Tower |
| 10:05 | Queue | Villager (Male) |
| 10:12 | Queue | Skirmisher |
| 10:13 | Queue | Villager (Male) |
| 10:35 | Build | Watch Tower |
| 10:42 | Queue | Villager (Male) |
| 10:55 | Queue | Villager (Male) |
| 11:17 | Queue | Skirmisher |
| 11:21 | Build | Mining Camp |
| 11:45 | Queue | Spearman |
| 12:03 | Queue | Villager (Male) |
| 12:04 | Queue | Skirmisher |
| 12:09 | Build | House |
| 12:26 | Build | Mining Camp |
| 12:35 | Queue | Villager (Male) |
| 12:43 | Queue | Villager (Male) |
| 12:47 | Build | Farm |
| 12:47 | Build | Farm |
| 12:57 | Queue | Archer |
| 13:21 | Build | Lumber Camp |
| 13:26 | Queue | Archer |
| 13:39 | Build | House |
| 14:03 | Build | Farm |
| 14:13 | Queue | Villager (Male) |
| 14:31 | Queue | Villager (Male) |
| 14:35 | Build | Palisade Wall |
| 14:35 | Build | Palisade Wall |
| 14:40 | Queue | Villager (Male) |
| 14:42 | Build | House |
| 14:54 | Queue | Archer |
| 14:58 | Build | Watch Tower |
| 14:59 | Queue | Villager (Male) |
| 15:01 | Queue | Villager (Male) |
| 15:22 | Queue | Villager (Male) |
| 15:24 | Build | Farm |
| 15:52 | Queue | Villager (Male) |
| 15:53 | Queue | Archer |
| 15:57 | Build | House |
| 16:02 | Build | Farm |
| 16:08 | Queue | Archer |
| 16:26 | Build | House |
| 16:28 | Queue | Villager (Male) |
| 16:33 | Queue | Archer |
| 16:40 | Build | Farm |
| 16:56 | Queue | Villager (Male) |
| 17:00 | Build | Farm |
| 17:17 | Queue | Villager (Male) |
| 17:24 | Build | Farm |
| 17:25 | Queue | Villager (Male) |
| 17:28 | Build | Farm |
| 17:37 | Build | Farm |
| 17:38 | Queue | Villager (Male) |
| 17:55 | Queue | Villager (Male) |
| 17:57 | Build | Farm |
| 18:00 | Build | House |
| 18:10 | Queue | Villager (Male) |
| 18:35 | Build | Blacksmith |
| 18:49 | Build | Farm |
| 19:07 | Research | Fletching |
| 19:11 | Build | Palisade Wall |
| 19:13 | Queue | Villager (Male) |
| 19:17 | Build | Farm |
| 19:18 | Build | Farm |
| 19:37 | Build | Farm |
| 19:46 | Queue | Villager (Male) |
| 20:17 | Research | Castle Age |
| 20:25 | Build | Stable |
| 20:29 | Build | Farm |
| 20:34 | Build | House |
| 20:48 | Build | Farm |
| 20:58 | Queue | Archer |
| 21:20 | Research | Scale Barding Armor |
| 21:32 | Build | Stable |
| 22:12 | Build | Farm |
| 22:17 | Build | House |
| 22:21 | Research | Forging |
| 22:26 | Research | Gold Mining |
| 22:35 | Build | Farm |
| 22:45 | Build | Farm |
| 22:57 | Age | Castle Age |
| 22:59 | Queue | Villager (Male) |
| 23:00 | Queue | Knight ×3 |
| 23:06 | Research | Bow Saw |
| 23:06 | Research | Bow Saw |
| 23:21 | Queue | Villager (Male) |
| 23:29 | Queue | Knight |
| 23:57 | Queue | Villager (Male) |
| 23:58 | Queue | Knight |
| 24:05 | Research | Husbandry |
| 24:08 | Queue | Villager (Male) |
| 24:13 | Build | Town Center |
| 24:14 | Queue | Villager (Male) |
| 24:19 | Build | Castle |
| 24:22 | Queue | Knight |
| 24:53 | Queue | Villager (Male) |
| 25:02 | Queue | Villager (Male) |
| 25:12 | Queue | Villager (Male) |
| 25:21 | Queue | Knight |
| 25:33 | Queue | Villager (Male) |
| 25:34 | Queue | Villager (Male) |
| 25:37 | Build | Mining Camp |
| 25:47 | Queue | Villager (Male) |
| 25:50 | Build | Monastery |
| 25:56 | Queue | Knight |
| 25:58 | Queue | Villager (Male) |
| 26:11 | Queue | Knight |
| 26:18 | Queue | Villager (Male) |
Match timeline
| 5:52 | 新竹 · wall_segment Palisade Wall x1 |
| 5:54 | 新竹 · wall_segment Palisade Wall x1 |
| 7:28 | 新竹 · wall_segment Palisade Wall x1 |
| 7:31 | NU Apartment · first_building Barracks |
| 7:45 | NU Apartment · wall_segment Palisade Wall x1 |
| 7:45 | 新竹 · first_building Barracks |
| 8:04 | NU Apartment · wall_segment Palisade Wall x2 |
| 8:05 | NU Apartment · wall_segment Palisade Wall x3 |
| 8:31 | NU Apartment · age_up feudal |
| 8:36 | NU Apartment · first_building Archery Range |
| 8:46 | NU Apartment · wall_segment Palisade Wall x4 |
| 8:46 | NU Apartment · wall_segment Palisade Wall x3 |
| 8:54 | NU Apartment · wall_segment Palisade Wall x1 |
| 9:13 | 新竹 · age_up feudal |
| 14:35 | NU Apartment · wall_segment Palisade Wall x1 |
| 14:35 | NU Apartment · wall_segment Palisade Wall x1 |
| 17:05 | 新竹 · wall_segment Palisade Wall x11 |
| 17:46 | 新竹 · wall_segment Palisade Wall x8 |
| 18:32 | 新竹 · wall_segment Palisade Wall x1 |
| 19:11 | NU Apartment · wall_segment Palisade Wall x8 |
| 20:25 | NU Apartment · first_building Stable |
| 20:36 | 新竹 · first_building Stable |
| 20:50 | 新竹 · first_market_buy 100 food |
| 21:36 | 新竹 · wall_segment Stone Wall x1 |
| 22:57 | NU Apartment · age_up castle |
| 23:34 | 新竹 · age_up castle |
| 24:19 | NU Apartment · first_building Castle |
| 24:29 | 新竹 · wall_segment Stone Wall x2 |
| 24:30 | 新竹 · wall_segment Stone Wall x2 |
| 25:44 | 新竹 · first_building Monastery |
| 25:50 | NU Apartment · first_building Monastery |
| 26:53 | 新竹 · wall_segment Stone Wall x2 |
| 26:54 | 新竹 · wall_segment Stone Wall x2 |
| 31:43 | NU Apartment · first_building Siege Workshop |
| 36:36 | 新竹 · first_building Siege Workshop |
| 36:44 | NU Apartment · first_market_buy 100 food |
| 39:04 | 新竹 · first_building Castle |
| 39:59 | NU Apartment · age_up imperial |
| 40:43 | 新竹 · first_market_sell 100 food |
| 44:00 | 新竹 · age_up imperial |
| 44:25 | 新竹 · resign |
[ AI ANALYSIS · 1 CREDIT ]
What really happened in this match?
Wolo.gg analyzes every decision: build order, eco, micro, common mistakes by bracket. Personalized analysis on WhatsApp or Discord in 30 seconds.
Civ guide
Japanese
Perfil
Jugador #14547856